 Dungeon Crawl Stone Soup version 0.26-a0-61-g6c07f0ee8d (webtiles) character file.

Game seed: 377084818427706270

88 JohnDoe161 the Slasher (level 4, 8/34 HPs)
             Began as a Demonspawn Gladiator on June 9, 2020.
             Quit the game on level 2 of the Dungeon.
             The game lasted 00:02:20 (1708 turns).

JohnDoe161 the Slasher (Demonspawn Gladiator)       Turns: 1708, Time: 00:02:21

Health: 8/34       AC:  4    Str: 15    XL:     4   Next: 30%
Magic:  4/4        EV: 13    Int: 10    God:
Gold:   34         SH:  0    Dex: 14    Spells: 3/3 levels left

rFire    . . .     SeeInvis .   a - +0 long sword
rCold    . . .     Gourm    .   (no shield)
rNeg     . . .     Faith    .   b - +0 leather armour
rPois    .         Spirit   .   c - +0 helmet
rElec    .         Reflect  .   (no cloak)
rCorr    .         Harm     .   (no gloves)
MR       .....                  (no boots)
Stlth    +.........             (no amulet)
HPRegen  0.11/turn              (no ring)
MPRegen  0.09/turn              (no ring)

@: no status effects
A: hooves 1
a: no special abilities


You were on level 2 of the Dungeon.
You were hungry.

You visited 1 branch of the dungeon, and saw 2 of its levels.

You collected 34 gold pieces.

Inventory:

Hand Weapons
 a - a +0 long sword (weapon)
Missiles
 d - 3 throwing nets (quivered)
Armour
 b - a +0 leather armour (worn)
 c - a +0 helmet (worn)
Scrolls
 e - a scroll of identify {unknown}
 g - a scroll of immolation {unknown}
 i - a scroll of amnesia {unknown}
 j - a scroll of remove curse {unknown}
 k - a scroll of random uselessness {unknown}
Potions
 l - a potion of mutation {unknown}
Comestibles
 f - 4 rations


   Skills:
 + Level 2.6 Fighting
 + Level 3.6 Long Blades
 + Level 2.0 Throwing
 + Level 1.0 Armour
 + Level 3.2 Dodging
 + Level 0.3 Stealth


You had 3 spell levels left.
You didn't know any spells.
Your spell library was empty.

Dungeon Overview and Level Annotations

Branches:
Dungeon (2/15)

Altars:


Innate Abilities, Weirdness & Mutations

You have large cloven feet.


Message History

The iron imp disappears in a puff of smoke!
The white imp disappears in a puff of smoke!
The crimson imp disappears in a puff of smoke!
Your Armour skill increases to level 1!
You have reached level 4!
You feel clever. The bat hits you but does no damage.
The bat closely misses you.
You are too injured to fight recklessly!
You are too injured to fight recklessly!
You are too injured to fight recklessly!
You are too injured to fight recklessly!
You are too injured to fight recklessly!
You barely miss the bat. The bat hits you but does no damage.
The bat misses you.
You riposte.
You closely miss the bat. You kick the bat.
The bat is moderately wounded.
The bat closely misses you.
You riposte.
You closely miss the bat.
The bat is moderately wounded.
The bat barely misses you.
There is an open door here.
Are you sure you want to abandon this character and quit the game? (Confirm with "yes".)

#...... #...#### .......
#......##. ....... #.........
.......##........ #.
................. #####.
.............#+# ... ......
.............#.##...##+####....
#...#####....#.##........##....
#.. ##.†).#@##........##.... #
#........#..............
#........#..............
#.......b#..............
#........#...........##.
#........#...........###
#........#...........#
#....÷...#...........#
#........#........####


You could see a bat.

Vanquished Creatures
  Natasha (twice) (D:2)
  An adder (D:2)
  A worm (D:2)
  A dart slug (D:2)
  A leopard gecko (D:1)
  2 giant cockroaches (D:1)
  2 hobgoblins
  7 bats
  4 kobolds
  5 rats
26 creatures vanquished.

Notes
Turn   | Place    | Note
-------+----------+-------------------------------------------
     0 | D:1      | JohnDoe161 the Demonspawn Gladiator began the quest for the
                  | Orb.
     0 | D:1      | Reached XP level 1. HP: 16/16 MP: 1/1
   561 | D:1      | Gained mutation: You have large cloven feet. [demonic
                  | ancestry]
   561 | D:1      | Reached XP level 2. HP: 15/22 MP: 2/2
  1441 | D:2      | Reached XP level 3. HP: 16/28 MP: 3/3
  1650 | D:2      | Noticed Natasha
  1658 | D:2      | Killed Natasha
  1676 | D:2      | Noticed Natasha
  1704 | D:2      | Killed Natasha
  1704 | D:2      | Reached skill level 1 in Armour
  1704 | D:2      | Reached XP level 4. HP: 8/34 MP: 4/4
  1708 | D:2      | Quit the game

Illustrated notes

Levels and vault maps discovered:
D:1:      dpeg_arrival_arbitrary_a, layout_basic, minmay_misc_feat_encased,
          minmay_misc_feat_more_columns
D:2:      layout_basic, vehumet_crystals, first_ration, uniq_natasha

Skill      XL: |  1  2  3 |
---------------+----------+-----
Long Blades    | 3 |  3.6
Dodging        | 3 |  3.2
Throwing       | 2 |  2.0
Armour         | 1 |  1.0
Fighting       | |  2.6
Stealth        | |  0.3

Action                   |  1- 3 |  4- 6 || total
-------------------------+-------+-------++-------
Melee: Long sword        |    71 |     1 ||    72
       Kick              |    20 |     1 ||    21
  Eat: Chunk             |     2 |       ||     2
Armor: Leather armour    |    25 |     2 ||    27
Dodge: Dodged            |    57 |     4 ||    61
       Rpst.: Long sword |    16 |     2 ||    18

Table legend:
 A = Non-vault XP
 B = Vault XP
 C = Vault XP percentage of total XP
 D = Non-vault monster count
 E = Vault monster count
 F = Vault count percentage of total count
                 A         B        C        D         E       F
            +---------+---------+-------+---------+---------+-------
      Total |      90 |      37 |  29.1 |      25 |       1 |   3.8
            +---------+---------+-------+---------+---------+-------
        D:1 |      20 |       0 |   0.0 |      13 |       0 |   0.0
        D:2 |      70 |      37 |  34.6 |      12 |       1 |   7.7
            +---------+---------+-------+---------+---------+-------
